Map: Fear and Faith LE

Players

Oмела

  • Race: Zerg Zerg
  • League: Master

Moja - Winner!

  • Race: Terran Terran
  • League: Master

VOD

Have the link to the VOD?

Description

Time

  • Played on: July 22, 2026, 11:05 a.m.
  • Length: 8:47
Show
View Real Time Build Order
Export as new Build Order

Oмела Zerg 

Build Orders: Hatch First 

Get SALT Encoding   

  8  0:00  Drone  
  9  0:10  Drone  
  10  0:16  Drone  
  11  0:22  Drone  
  12  0:33  Overlord  
  12  0:41  Extractor, Drone  
  13  0:53  Drone x2  
  15  1:01  Drone  
  16  1:13  Drone  
  17  1:19  Hatchery  
  17  1:22  Drone  
  17  1:37  Extractor  
  17  1:39  Spawning Pool  
  16  1:40  Drone  
  16  1:43  Drone  
  17  1:50  Drone  
  18  2:00  Drone  
  19  2:10  Overlord  
  19  2:22  Drone  
  20  2:28  Queen  
  22  2:30  Drone  
  22  2:31  Queen  
  22  2:33  Drone  
  26  2:42  Drone x2  
  26  2:43  Metabolic Boost  
  28  2:58  Drone x2  
  29  3:04  Hatchery  
  29  3:07  Drone  
  29  3:12  Overlord  
  30  3:13  Drone  
  30  3:15  Drone  
  32  3:22  Overlord  
  32  3:32  Drone  
  33  3:34  Drone  
  33  3:37  Hatchery  
  33  3:40  Drone x3  
  36  3:45  Drone x2  
  36  3:46  Drone  
  39  3:52  Drone  
  39  3:53  Evolution Chamber  
  39  3:57  Drone  
  39  4:00  Extractor  
  39  4:03  Drone  
  39  4:05  Drone  
  39  4:07  Queen  
  39  4:08  Drone  
  39  4:09  Overlord  
  44  4:19  Overlord, Zergling x2  
  44  4:20  Zergling x6  
  44  4:23  Drone  
  44  4:24  Drone  
  50  4:29  Zergling x6  
  53  4:37  Zerg Ground Armor Level 1  
  53  4:39  Queen  
  53  4:40  Overlord  
  53  4:43  Drone  
  56  4:49  Drone  
  56  4:50  Drone x3  
  60  4:55  Lair  
  58  5:00  Spore Crawler  
  58  5:01  Drone x4  
  62  5:08  Spore Crawler x2  
  62  5:10  Drone, Spore Crawler  
  62  5:11  Drone  
  62  5:12  Drone  
  62  5:24  Drone  
  62  5:25  Drone x2, Spore Crawler  
  62  5:26  Extractor  
  63  5:29  Zergling x10  
  63  5:32  Drone x2  
  66  5:56  Drone x8  
  65  5:57  Drone x6  
  68  6:08  Extractor, Drone x2  
  68  6:10  Spire, Zergling x2  
  68  6:11  Zergling x8  
  72  6:14  Extractor  
  72  6:15  Extractor  
  69  6:21  Drone x4  
  69  6:24  Drone  
  74  6:27  Baneling Nest  
  73  6:33  Drone x6  
  73  6:37  Drone  
  73  6:39  Evolution Chamber  
  79  6:42  Zergling x2  
  79  6:43  Overlord  
  79  6:44  Overlord  
  78  6:59  Spore Crawler  
  76  7:06  Spore Crawler  
  76  7:11  Drone x2  
  76  7:12  Drone x4  
  76  7:13  Zergling x12  
  76  7:14  Overlord x3  
  88  7:16  Centrifugal Hooks  
  88  7:19  Overlord x2  
  88  7:22  Baneling  
  88  7:23  Baneling x6  
  88  7:24  Overseer  
  88  7:32  Queen x2  
  88  7:35  Mutalisk x4  
  99  7:41  Zergling x12  
  99  7:43  Overlord  
  105  7:49  Zergling x4  
  107  7:51  Mutalisk  
  96  8:14  Zergling x18  
  104  8:20  Baneling x7  
  104  8:21  Baneling  
  104  8:22  Mutalisk  
  104  8:24  Hatchery  
Show
View Real Time Build Order
Export as new Build Order

Moja Terran - Winner!

Build Orders: Hellion Banshee 

Get SALT Encoding   

  8  0:00  SCV  
  9  0:12  SCV  
  10  0:24  SCV  
  10  0:28  Supply Depot  
  11  0:36  SCV  
  12  0:48  SCV  
  13  1:00  SCV  
  14  1:10  Command Center  
  14  1:14  SCV  
  15  1:26  SCV  
  15  1:29  Barracks  
  16  1:36  Refinery  
  16  1:38  SCV  
  17  1:50  SCV  
  18  2:02  SCV  
  19  2:17  Orbital Command, Marine  
  20  2:23  Orbital Command  
  20  2:35  Marine  
  20  2:36  Factory  
  21  2:42  SCV  
  22  2:48  SCV  
  23  2:54  SCV  
  23  2:55  Barracks Reactor  
  24  3:01  SCV, Command Center  
  25  3:07  SCV  
  25  3:11  Bunker  
  26  3:13  SCV  
  26  3:16  Supply Depot  
  26  3:19  SCV  
  28  3:23  Refinery  
  28  3:26  SCV  
  29  3:31  SCV  
  29  3:33  Starport  
  30  3:38  Hellion, SCV  
  33  3:43  Hellion  
  33  3:44  SCV  
  36  3:50  Barracks Tech Lab  
  36  3:51  SCV  
  37  3:56  SCV  
  37  3:59  Hellion  
  40  4:03  SCV  
  40  4:09  SCV  
  42  4:10  Supply Depot  
  42  4:13  Hellion  
  42  4:14  Orbital Command  
  42  4:16  SCV, Banshee  
  48  4:21  SCV  
  49  4:25  Hellion  
  49  4:28  SCV  
  52  4:33  SCV, Barracks Tech Lab  
  52  4:35  Hellion  
  52  4:38  Cloaking Field  
  55  4:42  SCV x2  
  55  4:43  Supply Depot  
  57  4:47  SCV  
  57  4:51  Supply Depot  
  58  5:02  Barracks  
  58  5:03  Banshee  
  61  5:07  SCV x2  
  61  5:08  Factory Reactor  
  61  5:13  Refinery x2  
  63  5:16  Barracks  
  63  5:17  SCV  
  63  5:19  SCV  
  63  5:21  Engineering Bay x2  
  65  5:26  SCV  
  65  5:28  Orbital Command  
  66  5:33  Barracks x2  
  66  5:35  SCV  
  67  5:37  Stimpack  
  67  5:38  SCV, Marine  
  69  5:47  SCV  
  70  5:50  SCV  
  70  5:51  Terran Infantry Weapons Level 1, Terran Infantry Armor Level 1  
  66  6:00  SCV x2  
  66  6:02  SCV  
  65  6:04  Marine x2  
  67  6:11  Starport Reactor  
  67  6:12  SCV  
  67  6:13  SCV, Barracks  
  67  6:14  Barracks  
  67  6:15  Barracks  
  67  6:16  SCV  
  67  6:18  Marine x3  
  67  6:19  Siege Tank  
  67  6:22  Marine, Supply Depot, Barracks Reactor x2  
  67  6:24  SCV  
  67  6:25  SCV  
  75  6:26  Marine  
  75  6:28  SCV  
  77  6:34  Supply Depot  
  77  6:35  Supply Depot x2  
  77  6:36  SCV  
  77  6:37  SCV  
  79  6:43  Marine  
  79  6:44  SCV, Armory  
  81  6:50  Marine x3  
  81  6:51  Siege Tank  
  87  6:55  Medivac x2  
  87  7:00  Marine x2  
  87  7:01  Marine x5  
  96  7:03  Marine x2  
  100  7:10  Marine x3  
  103  7:18  Supply Depot, Marine x3  
  106  7:23  Siege Tank  
  106  7:24  Combat Shield  
  106  7:25  Marine x2  
  111  7:30  Supply Depot  
  111  7:31  Supply Depot  
  111  7:39  Marine x8  
  119  7:51  Marine  
  119  7:52  Marine x3, Medivac  
  119  7:55  Siege Tank  
  119  7:57  Marine x3  
  133  7:58  Marine  
  133  7:59  Marine  
  133  8:02  Command Center  
  133  8:05  Marine  
  135  8:07  Marine x2  
  135  8:09  Marine x4  
  135  8:15  Marine x3  
  135  8:18  Marine x2  
  135  8:23  Marine  
  135  8:24  Supply Depot  
  135  8:25  Supply Depot  
  141  8:37  Refinery  
  141  8:38  Refinery  
Tags
 
Add a new tag
Caveats
  • Supply blocks, unpowered buildings, or Contaminate may cause inaccurate times.
  • Supply counts are checked every 10 seconds.